 Dungeon Crawl Stone Soup version 0.17.1-1-g73c8601 (webtiles) character file.

31 JustSomeDude the Insei (level 3, 0/34 HPs)
             Began as a Naga Monk on Jan 2, 2016.
             Succumbed to an adder's poison
             ... on level 2 of the Dungeon.
             The game lasted 00:03:10 (1359 turns).

JustSomeDude the Insei (Naga Monk)                  Turns: 1359, Time: 00:03:10

Health: 0/34       AC:  3    Str: 13    XL:     3   Next: 22%
Magic:  3/3        EV: 15    Int: 10    God:
Gold:   36         SH:  0    Dex: 19    Spells: 0 memorised, 2 levels left

rFire  + . .     SeeInvis +     n - +0 hand axe
rCold  . . .     Clarity  .     m - +0 ring mail
rNeg   . . .     SustAt   .     (no shield)
rPois  +         Gourm    .     (no helmet)
rElec  .         Spirit   .     (no cloak)
rCorr  .         Warding  .     (no gloves)
rMut   .         Stasis   .     (no barding)
MR     .....                    (no amulet)
Stlth  ++++......               k - ring of stealth
                                d - ring of wizardry

@: agile, lethally poisoned (0 -> -3), flying, very slow, not resistant to
hostile enchantments, stealthy
A: see invisible, deformed body, fire resistance 1, poison resistance, slowness
2, slow metabolism 1, spit poison 2, AC +1
a: Spit Poison


You were on level 2 of the Dungeon.
You were hungry.

You visited 1 branch of the dungeon, and saw 2 of its levels.

You collected 36 gold pieces.

Inventory:

Hand Weapons
 n - a +0 hand axe (weapon)
Armour
 m - a +0 ring mail (worn)
Jewellery
 d - a ring of wizardry (left hand)
 k - a ring of stealth (right hand)
Scrolls
 e - 2 scrolls of magic mapping {unknown}
 f - 2 scrolls of identify {unknown}
 g - a scroll of random uselessness {unknown}
 h - a scroll of enchant weapon {unknown}
Potions
 l - a potion of curing {unknown}
 p - a potion of might {unknown}
Comestibles
 b - a bread ration
 i - a meat ration
 o - a beef jerky


   Skills:
 + Level 3.3 Fighting
 + Level 0.1 Armour
 + Level 2.8 Dodging
 + Level 3.0 Stealth
 + Level 4.3 Unarmed Combat


You had 2 spell levels left.
You didn't know any spells.

Dungeon Overview and Level Annotations

Branches:
Dungeon (2/15)

Altars:


Innate Abilities, Weirdness & Mutations

You cannot wear boots.
Your serpentine skin is tough (AC +1).
You have supernaturally acute eyesight.
Armour fits poorly on your strangely shaped body.
Your system is resistant to poisons.
You cover ground very slowly.
You have a slow metabolism.
You can spit poison.
Your flesh is heat resistant.


Message History

The adder bites you.
* * * LOW HITPOINT WARNING * * *
You closely miss the adder.
The adder is almost dead.
The adder closely misses you.
Drink which item? (? for menu, Esc to quit)
It was a potion of flight.
You feel very buoyant.
You fly up into the air.
* * * LOW HITPOINT WARNING * * *
You feel sick. The adder bites you but does no damage.
The adder closely misses you.
Drink which item? (? for menu, Esc to quit)
It was a potion of mutation.
You feel extremely strange.
You feel stupid.
You feel clever.
You feel resistant to heat. The adder bites you but does no damage.
Drink which item? (? for menu, Esc to quit)
It was a potion of agility.
You feel agile all of a sudden.
You die...

##<##...## ##(
###......... #..
............## #..
###.#...##.## #..
..........# #..
###.##.#####
#.(######.##.#
#.S....##.##+##
#..@......#...##
#..###.###.....##
#..###.##.......#
###....#.#.........###
........'.........+..
##....#.#)........###
#..#.#.##.......##
#......###.....##
####.### ##...##


You could see an adder.

Vanquished Creatures
  A worm (D:2)
  A giant gecko (D:1)
  4 bats
  A giant cockroach (D:1)
  3 hobgoblins
  4 jackals (D:1)
  2 kobolds (D:1)
  2 giant newts (D:1)
  5 goblins (D:1)
  2 rats (D:1)
25 creatures vanquished.

Vanquished Creatures (others)
  A hobgoblin (D:1)
  A giant newt (D:1)
2 creatures vanquished.

Grand Total: 27 creatures vanquished

Notes
Turn   | Place    | Note
--------------------------------------------------------------
     0 | D:1      | JustSomeDude the Naga Monk began the quest for the Orb.
     0 | D:1      | Reached XP level 1. HP: 21/21 MP: 1/1
   517 | D:1      | Reached XP level 2. HP: 20/28 MP: 2/2
   950 | D:1      | Reached XP level 3. HP: 31/34 MP: 3/3
  1357 | D:2      | HP: 1/34 [poisoned by an adder]
  1358 | D:2      | Gained mutation: You are dopey. (Int -2) [potion of mutation]
  1358 | D:2      | Lost mutation: You are dopey. (Int -2) [potion of mutation]
  1358 | D:2      | Gained mutation: Your flesh is heat resistant. [potion of mutation]
  1359 | D:2      | Succumbed to an adder's poison

Action                   || total
-------------------------++-------
Melee: Unarmed           ||    77
       Hand axe          ||    36
  Use: Potion            ||     3
 Stab: Sleeping          ||     5
